woodfighter, chaotic female elven Rogue ------ ---- |_@q.-----..| |.qd....^^^.| |....------^| |....`..`.|^| --`....`...|^| |...`....`.|<| |.>..|j------- ------.|...| |........%| --.`..|.`.| ---..|...| -------- woodfighter the Cutpurse Experience level: 5 Strength: 10 Dexterity: 19 Constitution: 15 Intelligence: 10 Wisdom: 12 Charisma: 8 Health: 0(39) Energy: 31(31) Def: 3 Gold: 0 Moves: 2471 Dungeon seed: h7z-Ir0M4HDgBUoO Game ID: woodfighter_1511382387 Your Inventory: Amulets i - an uncursed amulet of ESP (being worn) Weapons a - a +0 elven short sword (weapon in hand) b - 10 +0 elven daggers (in quiver) Armor e - an uncursed +1 leather armor (being worn) n - an uncursed +0 dwarvish cloak z - an uncursed +0 dwarvish iron helm I - an uncursed +0 pair of elven boots N - an uncursed +0 pair of iron shoes Y - an uncursed +0 elven shield Comestibles p - 2 uncursed food rations u - an uncursed tripe ration v - an uncursed tin of spinach E - 3 uncursed eucalyptus leaves Rings x - a cursed ring of searching H - an uncursed ring of shock resistance Wands f - a blessed wand of magic missile (0:4) A - a wand of create monster (0:10) B - a wand of digging (0:5) K - a wand of sleep (0:7) Tools g - an uncursed blindfold m - an uncursed pair of lenses (being worn) q - a can of grease (0:15) s - an uncursed bag of holding y - an uncursed skeleton key Spells and supernatural/magical abilities: Name Level Category Fail Memory W - pray for help -- divine ? -- Your skills at the end: Miscellaneous Skills wands [Basic] Weapon Skills dagger [Basic] short sword [Basic] Spellcasting Skills Final Attributes: You were piously aligned. You were sleep resistant. Your writing hand was ok. You were telepathic. You had automatic searching. You had infravision. You were stealthy. You are dead. Vanquished creatures: 2 fog clouds a floating eye a kitten a dwarf a kobold lord 3 rothes 3 jitterbugs 5 orc zombies 2 hobbits 2 geckos a yellow mold a red mold 4 gnomes 2 jackals 2 kobolds 2 newts 3 sewer rats 6 grid bugs a bat 4 lichens 2 kobold zombies 49 creatures vanquished. Voluntary challenges: You did not cause conflict. You were not invisible. You did not have reflection. You were not displaced. You had been an atheist until turn 2433. You used a wielded weapon 77 times, starting on turn 44. You did not apply a unicorn horn. You did not use plumbed fixtures. You did not drink any magical draughts. You read items or engraved 1 time, starting on turn 2432. You never genocided any monsters. You never polymorphed an object. You never changed form. You used no wishes. You never split a pudding. You never wrote Elbereth's name. You never violated your personal moral code. Dungeon overview: The Dungeons of Doom: levels 1 to 6 Level 1 a fountain a long staircase Level 2 (vault) a general store Level 3 a general store Level 4 some fountains stairs to The Gnomish Mines Level 5 many fountains Level 6 a fountain, a sink stairs to Sokoban The Gnomish Mines: Level 5 stairs to The Dungeons of Doom Sokoban: Level 5 <- You were here an altar to Mog, a magic chest stairs to The Dungeons of Doom History has recorded: On T:1 you entered the Dungeons of Doom to retrieve the Amulet of Yendor! On T:238 you reached level 2 of The Dungeons of Doom. On T:579 you reached level 3 of The Dungeons of Doom. On T:898 you advanced to experience level 2. On T:903 you reached level 4 of The Dungeons of Doom. On T:1143 you advanced to experience level 3. On T:1464 you reached level 1 of The Gnomish Mines. On T:1603 you reached level 5 of The Dungeons of Doom. On T:1674 you reached level 6 of The Dungeons of Doom. On T:1683 you advanced to experience level 4. On T:1856 you advanced to experience level 5. On T:2131 you reached level 4 of Sokoban. On T:2428 you opened a magic chest. Score breakdown: Gold: 0 ( 0 points) Experience: 5 levels ( 400 points) Exploration: 6 levels ( 150 points) Discoveries: 18 items ( 900 points) Variety of kills: 21 monsters ( 1050 points) Major goal: (nothing yet) ( 0 points) Survival: died (score multiplied by 3) Total score: 7500 Latest messages: You write in the dust with your fingers. You add to the writing in the dust with a blessed pine wand. The floor is riddled by bullet holes! You add to the writing in the dust with an uncursed wand of create monster. The rothe claws you! The rothe bites! (2x) The rothe claws you! The rothe bites! (2x) The dog bites! The dog devours an uncursed tripe ration. The rothe claws you! The rothe bites! (2x) The rothe claws you! The rothe bites! (2x) You die... The bag of holding is empty. The bag of holding is empty. Final status: Goodbye woodfighter the Rogue, killed by a rothe... You died in Sokoban on dungeon level 5 with 7500 points, and 0 pieces of gold, after 2471 moves. You were level 5 with a maximum of 39 hit points when you died.